Map: Moondance

Players

Rengen

  • Race: Protoss Protoss
  • Spawn Location: 6:00

NightMare - Winner!

  • Race: Protoss Protoss
  • Spawn Location: 12:00

Event: DreamHack SC2 Masters 2022 Atlanta (Offline)

VOD

Have the link to the VOD?

Description

Time

  • Played on: Nov. 18, 2022, 2:36 p.m.
  • Length: 10:27

All games in this series

Show
View Real Time Build Order
Export as new Build Order

Rengen Protoss 

Build Orders:  

Get SALT Encoding   

  12  0:00  Probe  
  13  0:12  Probe  
  14  0:18  Pylon  
  14  0:24  Probe (Chrono Boost)  
  15  0:36  Probe (Chrono Boost)  
  15  0:38  Gateway  
  16  0:45  Probe (Chrono Boost)  
  16  0:46  Assimilator  
  17  0:51  Probe  
  17  0:54  Assimilator  
  18  1:03  Probe (Chrono Boost)  
  19  1:12  Gateway  
  19  1:13  Probe (Chrono Boost)  
  19  1:18  Probe (Chrono Boost)  
  21  1:26  Cybernetics Core  
  21  1:29  Probe  
  22  1:35  Pylon  
  22  1:41  Probe  
  23  1:53  Probe  
  24  2:00  Warp Gate (Chrono Boost)  
  24  2:02  Adept x2  
  24  2:06  Probe  
  29  2:11  Pylon  
  29  2:32  Stalker  
  29  2:33  Sentry  
  33  2:45  Robotics Facility  
  33  2:59  Stalker  
  33  3:02  Stalker  
  37  3:20  Probe  
  37  3:21  Nexus  
  37  3:26  Shield Battery  
  37  3:37  Probe  
  38  3:45  Observer (Chrono Boost), Pylon  
  37  3:49  Probe  
  38  3:58  Pylon  
  38  4:01  Probe  
  38  4:02  Immortal (Chrono Boost)  
  37  4:06  Gateway  
  37  4:08  Sentry  
  43  4:11  Sentry  
  43  4:14  Probe  
  46  4:24  Gateway  
  46  4:36  Warp Prism (Chrono Boost)  
  46  4:42  Sentry  
  49  4:59  Probe x2  
  46  5:05  Sentry, Stalker  
  50  5:09  Stalker  
  50  5:11  Probe  
  53  5:25  Stalker  
  55  5:28  Stalker x2  
  59  5:45  Stalker  
  59  5:53  Stalker  
  55  6:00  Stalker  
  57  6:05  Stalker  
  55  6:14  Probe x2  
  45  6:21  Immortal (Chrono Boost)  
  47  6:27  Probe x2 (Chrono Boost)  
  45  6:38  Probe (Chrono Boost), Stalker  
  45  6:39  Probe (Chrono Boost)  
  45  6:44  Probe (Chrono Boost)  
  44  6:48  Probe, Stalker  
  45  6:54  Stalker  
  45  6:59  Probe  
  48  7:02  Adept  
  48  7:03  Adept  
  50  7:09  Probe  
  50  7:11  Pylon  
  50  7:15  Stalker  
  50  7:18  Adept  
  50  7:22  Probe x2  
  54  7:33  Stalker  
  54  7:34  Adept  
  57  7:39  Adept x2  
  57  7:41  Probe  
  57  7:42  Probe  
  62  7:46  Pylon  
  62  7:52  Assimilator  
  62  7:54  Probe  
  62  7:56  Probe  
  64  7:59  Twilight Council  
  63  8:08  Probe  
  63  8:09  Probe  
  63  8:10  Immortal (Chrono Boost)  
  65  8:14  Pylon  
  63  8:20  Probe  
  63  8:24  Pylon  
  62  8:30  Sentry  
  62  8:32  Pylon  
  63  8:37  Assimilator  
  63  8:48  Blink (Chrono Boost)  
  62  9:00  Probe, Pylon  
  62  9:01  Probe  
  62  9:02  Nexus  
  64  9:07  Immortal  
  64  9:15  Probe  
  63  9:18  Probe  
  68  9:27  Probe  
  69  9:32  Probe, Stalker  
  69  9:33  Stalker  
  74  9:39  Probe  
  74  9:45  Probe  
  76  9:47  Forge  
  76  9:51  Probe, Stalker  
  79  9:59  Probe  
  80  10:03  Observer, Probe  
  80  10:05  Pylon  
  82  10:07  Stalker x2  
  82  10:11  Probe  
  85  10:23  Stalker  
Show
View Real Time Build Order
Export as new Build Order

NightMare Protoss - Winner!

Build Orders:  

Get SALT Encoding   

  12  0:00  Probe  
  13  0:12  Probe  
  14  0:17  Pylon  
  14  0:24  Probe (Chrono Boost)  
  15  0:36  Gateway, Probe (Chrono Boost)  
  16  0:45  Probe (Chrono Boost)  
  16  0:47  Assimilator  
  17  0:51  Probe  
  18  0:57  Assimilator  
  18  1:03  Probe (Chrono Boost)  
  19  1:09  Gateway  
  19  1:13  Probe (Chrono Boost)  
  20  1:18  Probe (Chrono Boost)  
  21  1:26  Cybernetics Core  
  21  1:30  Probe  
  22  1:34  Pylon  
  22  1:42  Probe  
  23  1:54  Probe  
  24  2:02  Warp Gate, Stalker x2  
  24  2:08  Pylon  
  28  2:13  Probe  
  29  2:22  Pylon  
  29  2:34  Stalker x2  
  33  2:56  Nexus  
  33  3:10  Probe  
  29  3:23  Probe (Chrono Boost)  
  29  3:24  Shield Battery  
  29  3:34  Twilight Council  
  29  3:35  Probe (Chrono Boost)  
  30  3:44  Probe (Chrono Boost)  
  31  3:49  Probe  
  31  3:50  Sentry x2  
  36  3:57  Stalker x2  
  37  4:03  Probe (Chrono Boost)  
  37  4:08  Probe (Chrono Boost), Blink (Chrono Boost)  
  40  4:18  Probe x2 (Chrono Boost)  
  40  4:21  Adept x2  
  40  4:23  Probe (Chrono Boost)  
  44  4:25  Probe  
  46  4:35  Probe  
  46  4:37  Probe  
  46  4:38  Pylon  
  48  4:41  Robotics Facility  
  48  4:47  Probe  
  48  4:50  Probe  
  46  5:00  Probe  
  46  5:01  Gateway  
  46  5:03  Gateway  
  46  5:04  Shield Battery  
  47  5:07  Sentry  
  47  5:10  Stalker  
  51  5:15  Shield Battery  
  51  5:26  Immortal (Chrono Boost)  
  51  5:34  Stalker x2  
  55  5:54  Pylon  
  53  5:58  Immortal  
  53  5:59  Stalker x2  
  61  6:09  Probe x2  
  56  6:14  Stalker  
  50  6:20  Stalker  
  50  6:21  Probe x2 (Chrono Boost)  
  54  6:33  Probe x2 (Chrono Boost)  
  52  6:41  Adept x2  
  52  6:42  Probe x2 (Chrono Boost)  
  52  6:46  Observer  
  59  6:48  Probe  
  59  6:49  Probe  
  59  6:53  Pylon  
  61  7:00  Probe  
  63  7:01  Probe  
  63  7:02  Stalker x2  
  67  7:13  Probe x2  
  69  7:25  Probe x2  
  69  7:27  Stalker x3  
  69  7:29  Assimilator  
  77  7:35  Pylon  
  75  7:41  Nexus  
  75  7:50  Probe x2  
  75  7:58  Forge  
  75  7:59  Charge (Chrono Boost)  
  75  8:02  Probe x2  
  75  8:05  Gateway  
  77  8:07  Observer, Gateway  
  77  8:14  Probe x2  
  79  8:22  Protoss Ground Weapons Level 1 (Chrono Boost), Gateway  
  79  8:24  Observer, Gateway  
  79  8:26  Probe  
  79  8:27  Probe  
  81  8:31  Pylon  
  81  8:32  Pylon  
  81  8:36  Shield Battery  
  81  8:39  Probe x2  
  83  8:42  Gateway  
  83  8:50  Warp Prism (Chrono Boost)  
  83  8:51  Probe x2  
  87  8:59  Zealot  
  87  9:01  Zealot  
  91  9:04  Zealot  
  91  9:06  Pylon  
  91  9:08  Zealot  
  95  9:15  Zealot x2  
  99  9:19  Observer  
  100  9:28  Nexus  
  100  9:32  Pylon  
  100  9:40  Templar Archives  
  100  9:45  Zealot x4  
  108  9:48  Zealot x2  
  112  10:05  Pylon  
  112  10:07  Stalker x2  
  112  10:09  Zealot x4  
  112  10:10  Zealot  
  126  10:17  Zealot x2  
Tags
 
Add a new tag
Caveats
  • Supply blocks, unpowered buildings, or Contaminate may cause inaccurate times.
  • Supply counts are checked every 10 seconds.